 Dungeon Crawl Stone Soup version 0.29.1-1-gd02db6906a (webtiles) character file.

Game seed: 13213944838228128795

182 H0rd4k the Insei (level 5, 0/33 HPs)
             Began as an Octopode Transmuter on Oct 17, 2022.
             Splashed by a jelly's acid (4 damage)
             ... on level 4 of the Dungeon.
             The game lasted 00:03:04 (3632 turns).

H0rd4k the Insei (Octopode Transmuter)              Turns: 3632, Time: 00:03:04

Health: 0/33       AC: -15   Str:  9    XL:     5   Next: 61%
Magic:  7/8        EV: 14    Int: 17    God:
Gold:   92         SH:  0    Dex: 19    Spells: 7/8 levels left

rFire   + . .      SeeInvis .     - Unarmed
rCold   . . .      Faith    .   (no shield)
rNeg    + . .      Spirit   .   (helmet currently unavailable)
rPois   .          Reflect  .   (no amulet)
rElec   .          Harm     .   f - +6 ring of dexterity
rCorr   .          Rampage  .   q - ring of positive energy
Will    .....                   t - ring of protection from fire
Stlth   +++.......              (no ring)
HPRegen 0.11/turn               (no ring)
MPRegen 0.11/turn               (no ring)
                                (no ring)
                                (no ring)

@: appendages, corroded
A: tentacle spike 3, almost no armour, amphibious, 8 rings, camouflage 1,
gelatinous body 1, (nimble swimmer 1), tentacles
a: End Transformation


You were on level 4 of the Dungeon.
One of your tentacles had grown a beastly spike.
You visited 1 branch of the dungeon, and saw 4 of its levels.

You collected 92 gold pieces.

Inventory:

Missiles
 h - 3 datura-tipped darts (quivered)
Armour
 r - an orb of energy
 s - an orb of wrath
Jewellery
 f - a +6 ring of dexterity (left tentacle)
 q - a ring of positive energy (right tentacle)
 t - a ring of protection from fire (on tentacle)
Scrolls
 d - 6 scrolls of identify {unknown}
 e - a scroll of teleportation {unknown}
 g - a scroll of summoning
 j - a scroll of noise {unknown}
 k - a scroll of magic mapping {unknown}
 l - a scroll of vulnerability {unknown}
 m - a scroll of amnesia {unknown}
Potions
 a - a potion of lignification
 b - 3 potions of ambrosia {unknown}
 c - 3 potions of brilliance {unknown}
 i - a potion of flight {unknown}
 n - a potion of heal wounds {unknown}
 o - a potion of berserk rage {unknown}
 p - a potion of invisibility {unknown}


   Skills:
 + Level 1.1 Fighting
 + Level 2.3 Dodging
 + Level 2.5 Stealth
 + Level 5.1 Unarmed Combat
 + Level 2.4 Spellcasting
 + Level 2.2 Transmutations


You had 7 spell levels left.
You knew the following spells:

 Your Spells              Type           Power      Damage    Failure   Level
a - Beastly Appendage     Tmut           18%        N/A       8%          1

Your spell library contained the following spells:

 Spells                   Type           Power      Damage    Failure   Level
 Wereblood                Tmut           9%         N/A       11%         2
 Scorch                   Fire           4%         2d5       28%         2
 Spider Form              Tmut/Pois      5%         N/A       34%         3
 Ice Form                 Ice/Tmut       5%         N/A       75%         4
 Flame Wave               Conj/Fire      2%         2d4       88%         4
 Summon Cactus Giant      Summ           1%         N/A       100%        6


Dungeon Overview and Level Annotations

Branches:
Dungeon (4/15)
 Temple: D:4-7

Altars:

Shops:
D:2 (

Annotations:
D:3 exclusion: downstairs
D:4 Menkaure


Innate Abilities, Weirdness & Mutations

One of your tentacles has grown a beastly spike.
You cannot wear most types of armour.
You are amphibious.
You can wear up to eight rings at the same time.
Your skin changes colour to match your surroundings (Stealth+).
Your rubbery body absorbs attacks. (AC +1, EV +1)
((You are camouflaged when in or above water. (Stealth+)))
You have tentacles for arms and can constrict up to eight enemies at once.


Message History

You tentacle-slap the ball python.
You kill the ball python!
You throw a curare-tipped dart. The curare-tipped dart hits the jelly.
You throw a curare-tipped dart. The curare-tipped dart hits the jelly.
You throw a datura-tipped dart. The datura-tipped dart hits the jelly.
The jelly resists.
The jelly closely misses you.
Unknown command.
Casting: Beastly Appendage (safe; 8% risk of failure)
Confirm with . or Enter, or press ? or * to list all spells.
One of your tentacles grows a vicious spike.
The jelly misses you.
You tentacle-slap the jelly but do no damage.
Your tentacles burn!
You pierce the jelly, but do no damage.
You tentacle-slap the jelly. The acid corrodes you!
Your tentacles burn!
You pierce the jelly.
You squeeze the jelly!
The jelly is severely wounded.
The jelly misses you.
You tentacle-slap the jelly. The acid corrodes you!
Your tentacles burn!
You pierce the jelly, but do no damage.
The jelly is almost dead.
The jelly hits you. The acid corrodes you!
You are splashed with acid!
You tentacle-slap the jelly but do no damage.
The acid corrodes you!
Your tentacles burn!
* * * LOW HITPOINT WARNING * * *
The jelly is almost dead.
The jelly closely misses you.
You tentacle-slap the jelly but do no damage.
Your tentacles burn!
* * * LOW HITPOINT WARNING * * *
You pierce the jelly, but do no damage.
The jelly is almost dead.
The jelly closely misses you.
You tentacle-slap the jelly.
Your tentacles burn!
* * * LOW HITPOINT WARNING * * *
You pierce the jelly, but do no damage.
The jelly is almost dead.
The jelly closely misses you.
You tentacle-slap the jelly but do no damage.
Your tentacles burn!
You die...

#.†.....#......#
#.......#......#
......#
#.......'......#
......#
+...<...#......#
......#
#.......#).....#
......#
#.......#......#
......#
#.......+......# .....#
#.......#......##(....#
#.......#......@J.....#
#.......##+######.....#
#........ .....#
#........ .....# ######


You could see a jelly.

Vanquished Creatures
  9 adders
  A worm (D:2)
  2 dart slugs
  12 orcs
  10 ball pythons
  An endoplasm (D:1)
  3 giant cockroaches
  3 goblins
  8 hobgoblins
  4 jackals (D:1)
  10 kobolds
  5 quokkas
  5 bats
  5 frilled lizards
  3 rats
81 creatures vanquished.

Notes
Turn   | Place    | Note
-------+----------+-------------------------------------------
     0 | D:1      | H0rd4k the Octopode Transmuter began the quest for the Orb.
     0 | D:1      | Reached XP level 1. HP: 13/13 MP: 3/3
   461 | D:1      | Reached XP level 2. HP: 15/18 MP: 5/5
  1123 | D:1      | Reached XP level 3. HP: 19/23 MP: 6/6
  1433 | D:2      | Reached skill level 4 in Unarmed Combat
  1574 | D:2      | Reached skill level 1 in Stealth
  1574 | D:2      | Reached XP level 4. HP: 28/28 MP: 7/7
  1979 | D:2      | Found Jofog's Antique Weapon Shoppe.
  2057 | D:2      | Reached XP level 5. HP: 7/33 MP: 6/8
  2339 | D:2      | Found a faded altar of an unknown god.
  2752 | D:3      | Reached skill level 5 in Unarmed Combat
  3401 | D:4      | Noticed Menkaure
  3632 | D:4      | Splashed by a jelly's acid

Illustrated notes

Levels and vault maps discovered:
D:1:      ncdulo_smallfort, layout_rooms
D:2:      layout_loops_ring, serial_shops, shop_statue,
          hellmonk_ecumenical_altar_run_dry
D:3:      layout_rooms
D:4:      layout_gridville, temple_green, biasface_ghost_orc_armoury,
          minivault_5, minmay_ruined_shrine, uniq_menkaure

Skill      XL: |  1  2  3  4  5 |
---------------+----------------+-----
Unarmed Combat | 4 5 |  5.1
Stealth        | 1 2 |  2.5
Fighting       | |  1.1
Dodging        | |  2.3
Spellcasting   | |  2.4
Transmutations | |  2.2

Action                   |  1- 3 |  4- 6 || total
-------------------------+-------+-------++-------
Melee: Unarmed           |    83 |   100 ||   183
       Constrict         |    22 |    31 ||    53
       Tentacles         |    14 |    23 ||    37
       Kick              |       |    26 ||    26
       Punch             |       |     5 ||     5
Throw: Dart              |       |     3 ||     3
 Cast: Beastly Appendage |       |    13 ||    13
 Stab: Sleeping          |     4 |     9 ||    13
Armor: Skin              |     7 |     6 ||    13
Dodge: Dodged            |    55 |    64 ||   119
